 Dungeon Crawl Stone Soup version 0.30-a0-986-g7f2e898f52 (webtiles) character file.

Game seed: 13998897458226013451

1890 DeathPants the Magician (level 9, 0/47 HPs)
             Began as a Vine Stalker Reaver on Apr 1, 2023.
             Slain by a gnoll bouda
             ... wielding a +0 whip
              (8 damage)
             ... on level 6 of the Dungeon.
             The game lasted 00:17:29 (4889 turns).

DeathPants the Magician (Vine Stalker Reaver)       Turns: 4889, Time: 00:17:29

Health: 0/47       AC:  6    Str: 19    XL:     9   Next: 15%
Magic:  0/18       EV: 12    Int: 13    God:
Gold:   1811       SH:  0    Dex: 13    Spells: 14/19 levels left

rFire   . . .      SeeInvis .    b - +1 whip (venom)
rCold   . . .      Faith    .    (no shield)
rNeg    + . .      Spirit   +    l - +0 leather armour
rPois   .          Reflect  .    q - +2 helmet
rElec   .          Rampage  .    (no cloak)
rCorr   .                        (no gloves)
Will    ++...                    (no boots)
Stlth   +                        (no amulet)
HPRegen 1.07/turn                u - ring of positive energy
MPRegen 0.16/turn                v - ring of willpower

@: no status effects
A: fangs 3, regeneration 1, magic shield, antimagic bite, no potion heal 2
a: no special abilities


You were on level 6 of the Dungeon.
You visited 2 branches of the dungeon, and saw 8 of its levels.
You also visited: Sewer.

You collected 1811 gold pieces.

Inventory:

Hand Weapons
 a - a +0 war axe
 b - a +1 whip of venom (weapon)
Missiles
 g - 3 boomerangs
 B - 27 poisoned darts
 C - 2 curare-tipped darts
Armour
 l - a +0 leather armour (worn)
 p - the +0 ring mail of Lies {+Blink rC- Str+4}
   (You found it on level 2 of the Dungeon)

   Str:       It affects your strength (+4).
   rC:        It makes you vulnerable to cold.
   +Blink:    It lets you blink.
 q - a +2 helmet (worn)
Jewellery
 u - a ring of positive energy (left hand)
 v - a ring of willpower (right hand)
Wands
 r - a wand of polymorph (12)
Scrolls
 e - a scroll of blinking {unknown}
 h - 2 scrolls of teleportation
 i - a scroll of amnesia {unknown}
 j - a scroll of brand weapon {unknown}
 o - a scroll of poison {unknown}
 t - a scroll of vulnerability {unknown}
 w - a scroll of enchant weapon {unknown}
 x - a scroll of enchant armour
 D - a scroll of fog {unknown}
 E - a scroll of magic mapping {unknown}
Potions
 d - 5 potions of mutation
 f - 5 potions of curing
 m - 2 potions of might
 s - a potion of attraction {unknown}
 z - 3 potions of brilliance {unknown}
 A - 2 potions of invisibility {unknown}
 F - a potion of flight {unknown}


   Skills:
 + Level 5.0 Fighting
 * Level 5.4 Axes
 - Level 3.5 Armour
 - Level 2.4 Dodging
 + Level 5.5 Spellcasting
 - Level 3.0 Conjurations
 + Level 5.0 Necromancy


You had 14 spell levels left.
You knew the following spells:

 Your Spells              Type           Power      Damage    Failure   Level
a - Kiss of Death         Conj/Necr      56%        2d9       4%          1
b - Dispel Undead         Necr           16%        3d10      26%         4

Your spell library contained the following spells:

 Spells                   Type           Power      Damage    Failure   Level
 Momentum Strike          Conj/Tloc      14%        3d8       17%         2
 Blink                    Tloc           6%         N/A       30%         2
 Lesser Beckoning         Tloc           6%         N/A       30%         2
 Hailstorm                Conj/Ice       7%         3d4       32%         3
 Confusing Touch          Hex            3%         N/A       52%         3


Dungeon Overview and Level Annotations

Branches:
Dungeon (7/15)             Temple (1/1) D:5           Sewer (visited)

Altars:
Cheibriados
Dithmenos
Hepliaklqana
Kikubaaqudgha
Makhleb
Nemelex Xobeh
Okawaru
Ru
Trog
Xom
Yredelemnul
Zin
The Shining One

Shops:
D:2 :


Innate Abilities, Weirdness & Mutations

You have razor-sharp teeth.
Your natural rate of healing is unusually fast.
When hurt, damage is shared between your health and your magic reserves.
Your bite disrupts and absorbs the magic of your enemies.
Potions cannot restore your health.


Message History

Something barely misses you.
The gnoll sergeant hits you from afar with a +0 spear.
You closely miss something. Your bite misses something.
The gnoll hits you from afar with a +0 halberd.
You hear some strange, mumbled words.
A magic dart appears from out of thin air!
The magic dart hits you.
The gnoll bouda hits you with a +0 whip.
The gnoll sergeant hits you from afar with a +0 spear!
You miss something. The gnoll barely misses you. Something hits you.
The gnoll bouda hits you but does no damage.
The gnoll sergeant hits you from afar with a +0 spear!
The gnoll hits you from afar with a +0 halberd.
Something hits you.
* * * LOW HITPOINT WARNING * * *
The gnoll bouda barely misses you.
The gnoll sergeant hits you from afar with a +0 spear.
* * * LOW HITPOINT WARNING * * *
You climb upwards.
Reactivating autopickup.
There is a stone staircase leading down, spattered with blood here.
You closely miss the gnoll bouda. You bite the gnoll bouda.
You drain its power.
You feel invigorated.
The gnoll bouda is lightly wounded.
The gnoll bouda hits you with a +0 whip!
* * * LOW HITPOINT WARNING * * *
Something barely misses you.
You hit the gnoll bouda.
The gnoll bouda is poisoned.
Your bite misses the gnoll bouda.
The gnoll bouda is moderately wounded.
You barely miss the gnoll bouda. Your bite misses the gnoll bouda.
The gnoll bouda is heavily wounded.
The gnoll bouda hits you with a +0 whip.
* * * LOW HITPOINT WARNING * * *
Something hits you but does no damage.
Deactivating autopickup; reactivate with Ctrl-A.
You closely miss the gnoll bouda.
The gnoll bouda is heavily wounded.
The gnoll bouda hits you with a +0 whip!
You die...

.#.....# #.# #.....#
#.##.... .#.....#
#.########## #.......
#.....# #...#####
#..##.## #.....#
###.....#########..##+#
#######
#......)).........
#.....[#....###.#..
##.##..#....# #.#...
#######.##)##....#
#.#..(.
.........g@##....#
#.#.....
.############....# #.
..... .......#
.......... ###....#.##
.......# ######## ..#
...


You could see a gnoll bouda (very poisoned).

Vanquished Creatures
  A hornet (D:7)
  An ice beast (D:4)
  A centaur (D:5)
  3 ogres
  3 kobold brigands
  A bullfrog (D:6)
  5 scorpions
  4 wights
  A howler monkey (D:6)
  2 orc priests (D:3)
  2 iguanas
  Jessica (D:2)
  3 orc wizards
  5 gnolls (D:6)
  10 adders
  3 worms
  3 dart slugs
  14 orcs
  5 endoplasms
  5 giant cockroaches
  9 goblins
  14 hobgoblins
  18 kobolds
  5 quokkas
  11 ball pythons
  5 bats
  5 frilled lizards
  10 rats
150 creatures vanquished.

Notes
Turn   | Place    | Note
-------+----------+-------------------------------------------
     0 | D:1      | DeathPants the Vine Stalker Reaver began the quest for the
                  | Orb.
     0 | D:1      | Reached XP level 1. HP: 11/11 MP: 4/4
   141 | D:1      | Reached XP level 2. HP: 15/15 MP: 6/6
   539 | D:1      | Reached XP level 3. HP: 18/18 MP: 7/7
   595 | D:1      | Reached skill level 1 in Necromancy
  1025 | D:2      | Identified the +0 ring mail of Lies {+Blink rC- Str+4}
  1127 | D:2      | Noticed Jessica
  1136 | D:2      | Killed Jessica
  1137 | D:2      | Gained mutation: Your natural rate of healing is unusually
                  | fast. [Vine Stalker growth]
  1137 | D:2      | Reached XP level 4. HP: 5/23 MP: 2/9
  1370 | D:2      | Found Peacot's Book Shop.
  1503 | D:2      | Found a faded altar of an unknown god.
  1849 | D:3      | Reached XP level 5. HP: 22/27 MP: 8/10
  1989 | D:4      | Identified the +0 robe of Apiruec {rElec rC++ rCorr Int-2}
  2055 | D:3      | Reached XP level 6. HP: 24/32 MP: 7/12
  2386 | D:4      | Reached skill level 1 in Armour
  2460 | D:4      | Noticed an ice beast
  2486 | D:4      | Killed an ice beast
  2487 | D:4      | Reached XP level 7. HP: 20/35 MP: 7/13
  2558 | D:5      | Entered Level 5 of the Dungeon
  2654 | D:5      | Found a sparkling altar of Nemelex Xobeh.
  2787 | D:5      | Found a staircase to the Ecumenical Temple.
  2822 | Temple   | Entered the Ecumenical Temple
  2963 | D:5      | Learned a level 4 spell: Dispel Undead
  3021 | D:5      | Found a glowing drain.
  3036 | Sewer    | Entered a sewer
  3140 | Sewer    | Gained mutation: You have razor-sharp teeth. [Vine Stalker
                  | growth]
  3140 | Sewer    | Reached XP level 8. HP: 26/42 MP: 13/15
  3690 | D:4      | Found a sacrificial altar of Ru.
  3732 | D:4      | Found a shadowy altar of Dithmenos.
  3742 | D:4      | Identified 2 scrolls of acquirement
  3742 | D:4      | Acquired 853 gold pieces
  3744 | D:4      | Acquired 697 gold pieces
  3975 | D:5      | Found a burning altar of Makhleb.
  4143 | D:5      | Reached skill level 5 in Spellcasting
  4166 | D:5      | Reached skill level 5 in Axes
  4531 | D:7      | Noticed a hornet
  4537 | D:7      | Paralysed by a hornet for 1 turns
  4538 | D:7      | Killed a hornet
  4539 | D:7      | Reached XP level 9. HP: 16/46 MP: 11/18
  4545 | D:6      | Reached skill level 5 in Fighting
  4843 | D:6      | Reached skill level 5 in Necromancy
  4889 | D:6      | Slain by a gnoll bouda

Illustrated notes

Levels and vault maps discovered:
D:1:      ebering_trefoil_twist, layout_basic
D:2:      layout_loops_corners, serial_shops, shop_fountains,
          dilly_ecumenical_altar_fadedgnrine, uniq_jessica
D:3:      layout_rooms
D:4:      minmay_skewed_foursquare, layout_rooms,
          mainiacjoe_overflow_catch_the_wave
D:5:      layout_rooms, bloody_makhleb, nemelex_dance_club_becter,
          minmay_temple_entry_grid, gup_sewer_entry_bubbles
D:6:      layout_basic, mainiacjoe_overflow_alcove_4,
          chequers_temple_overflow_minitemple
D:7:      layout_basic, evilmike_ruin_ashenzari, nicolae_vehumet_radiance,
          minmay_misc_feat_plants, uniq_maggie, uniq_crazy_yiuf_cottage
Temple:   dpeg_three_leaves_temple

Skill      XL: |  1  2  3  4  5  6  7  8  9 |
---------------+----------------------------+-----
Fighting       | 2 3 4 5 |  5.0
Necromancy     | 1 2 3 4 5 |  5.0
Axes           | 3 4 5 |  5.4
Dodging        | 2 |  2.4
Spellcasting   | 3 4 5 |  5.5
Armour         | 1 2 3 |  3.5
Conjurations   | |  3.0

Action                     |  1- 3 |  4- 6 |  7- 9 || total
---------------------------+-------+-------+-------++-------
  Melee: Hand axe          |    54 |       |    36 ||    90
         Bite              |    13 |    26 |    75 ||   114
         Whip              |    16 |   130 |   234 ||   380
         Punch             |       |     1 |     5 ||     6
   Cast: Kiss of Death     |     1 |     1 |     4 ||     6
    Use: Scroll            |       |     3 |     8 ||    11
 Armour: Leather armour    |    13 |    41 |    63 ||   117
         Ring mail         |     1 |       |       ||     1
  Dodge: Dodged            |    36 |    79 |   183 ||   298

Table legend: (Time is in decaauts)
 A = Elapsed time spent in this place.
 B = Non-inter-level travel time spent in this place.
 C = Inter-level travel time spent in this place.
 D = Time resting spent in this place.
 E = Time spent auto-exploring this place.
 F = Levels seen in this place.
 G = Mean time per level.
                   A        B        C        D        E       F      G
               +--------+--------+--------+--------+--------+-----+--------+
         Total |   4980 |   4812 |    168 |    393 |   2657 |   9 |  553.3 |
       Dungeon |   4528 |   4369 |    159 |    393 |   2509 |   7 |  646.9 |
        Temple |    116 |    107 |      9 |      0 |     74 |   1 |  116.0 |
         Sewer |    335 |    335 |      0 |      0 |     73 |   1 |  335.0 |
               +--------+--------+--------+--------+--------+-----+--------+

Top non-repeatable levels by time:
     D:2: 1063 daAuts
     D:5: 833 daAuts
     D:1: 742 daAuts
     D:4: 724 daAuts
     D:6: 607 daAuts
     D:3: 526 daAuts
   Sewer: 335 daAuts
  Temple: 116 daAuts
     D:7: 31 daAuts
